 Dungeon Crawl Stone Soup version 0.31.0-11-ge490571c62 (webtiles) character file.

Game seed: 9097714528632073547

46805 hawla the Severer (level 14, -4/107 HPs)
             Began as a Minotaur Fighter on Feb 4, 2024.
             Was the Champion of Makhleb.
             Constricted to death by Jorgrun (5 damage)
             ... on level 12 of the Dungeon.
             The game lasted 00:48:53 (12586 turns).

hawla the Severer (Minotaur Fighter)               Turns: 12586, Time: 00:48:54

Health: -4/107     AC: 22    Str: 28    XL:     14   Next: 6%
Magic:  20/20      EV: 13    Int:  9    God:    Makhleb [******]
Gold:   128        SH:  7    Dex: 15    Spells: 13/13 levels left

rFire   + + .        S - +4 war axe (venom)
rCold   + . .        d - +2 buckler {rC+}
rNeg    + + .        I - +0 chain mail "Boapeff" {rElec Regen+ Int+5 Slay+2}
rPois   .            M - +1 hat of Defiance {rF+ Will+}
rElec   +            Y - +2 cloak {rCorr}
rCorr   +            r - +2 pair of gloves {infuse}
SInv    .            W - +0 pair of boots {rampage}
Will    ++...        e - amulet "Iqogoaf" {RegenMP rElec rN++ Regen+ Int-2} Stlth
                     j - +5 ring of evasion
HPRegen 1.97/turn    t - +6 ring of strength
MPRegen 0.57/turn

%: rampage, infuse magic (1 MP)
@: grasped by roots, constricted, studying Ice Magic
A: horns 2, retaliatory headbutt, talons 1, agile 1, fire resistance 1
a: Renounce Religion, Minor Destruction, Lesser Servant of Makhleb, Major
Destruction, Greater Servant of Makhleb


You were on level 12 of the Dungeon.
You worshipped Makhleb.
Makhleb was exalted by your worship.
You visited 4 branches of the dungeon, and saw 16 of its levels.
You also visited: Trove and Ice Cave.

You collected 2034 gold pieces.
You spent 1906 gold pieces at shops.

Inventory:

Hand Weapons
 a - a +0 double sword
 m - the +3 rapier of the End of Times {freeze, MP+9}
   (You bought it in a shop on level 2 of the Orcish Mines)

   MP+9:      It affects your magic capacity (+9).
 P - the +7 dagger of Extermination {elec, +Blink rN+ Str+3 SInv}
   (You found it on level 8 of the Dungeon)

   Str+3:     It affects your strength (+3).
   rN+:       It protects you from negative energy.
   SInv:      It lets you see invisible.
   +Blink:    It lets you blink.
 S - a +4 war axe of venom (weapon)
Missiles
 w - 2 throwing nets
 y - 37 poisoned darts (quivered)
 Q - 2 curare-tipped darts
 R - 6 boomerangs
Armour
 d - a +2 buckler of cold resistance (worn)
 r - a +2 pair of gloves of infusion (worn)
 z - the +1 kite shield "Todug" {^Contam Rampage rPois rCorr}
   (You found it in a treasure trove)

   rPois:     It protects you from poison ^Contam: It causes magical
   contamination when unequipped.
   rCorr:     It protects you from acid and corrosion.
   Rampage:   It bestows one free step when moving towards enemies.
 I - the +0 chain mail "Boapeff" (worn) {rElec Regen+ Int+5 Slay+2}
   (You bought it in a shop on level 4 of the Dungeon)

   Int+5:     It affects your intelligence (+5).
   Slay+2:    It affects your accuracy & damage with ranged weapons and melee
   (+2).
   rElec:     It insulates you from electricity.
   Regen+:    It increases your rate of health regeneration.
 M - the +1 hat of Defiance (worn) {rF+ Will+}
   (You acquired it on level 10 of the Dungeon)

   rF+:       It protects you from fire.
   Will+:     It increases your willpower.
 W - a +0 pair of boots of rampaging (worn)
 Y - a +2 cloak of preservation (worn)
 Z - a scarf of resistance
Jewellery
 c - a ring of protection from cold
 e - the amulet "Iqogoaf" (around neck) {RegenMP rElec rN++ Regen+ Int-2}
   (You acquired it on level 2 of the Dungeon)

   [amulet of magic regeneration]

   RegenMP:   It increases your rate of magic regeneration.
   Int-2:     It affects your intelligence (-2).
   rElec:     It insulates you from electricity.
   rN++:      It greatly protects you from negative energy.
   Regen+:    It increases your rate of health regeneration.
 j - a +5 ring of evasion (left hand)
 t - a +6 ring of strength (right hand)
 x - a ring of willpower
 C - a ring of protection from fire
 E - a +4 ring of protection
 O - a +6 ring of dexterity
Wands
 f - a wand of charming (25)
 i - a wand of light (7)
 u - a wand of digging (2)
 A - a wand of roots (10)
 N - a wand of flame (35)
Scrolls
 b - 3 scrolls of fear
 g - 3 scrolls of fog
 n - a scroll of revelation
 p - 2 scrolls of identify
 v - 2 scrolls of blinking
 D - 3 scrolls of immolation
 F - a scroll of vulnerability
 H - 4 scrolls of teleportation
Potions
 h - a potion of resistance
 k - a potion of magic
 l - 2 potions of lignification
 o - 7 potions of curing
 q - a potion of ambrosia
 s - 4 potions of haste
 B - 6 potions of brilliance
 G - a potion of berserk rage
 J - 2 potions of attraction
 K - 3 potions of enlightenment
 L - a potion of heal wounds


   Skills:
 - Level 5.0 Fighting
 - Level 10.0(11.2) Short Blades
 + Level 9.2(11.4) Long Blades
 - Level 16.0 Axes
 - Level 6.0 Throwing
 - Level 14.0 Armour
 - Level 5.0 Dodging
 - Level 5.0 Shields
 - Level 10.0 Invocations


You had 13 spell levels left.
You didn't know any spells.
Your spell library contained the following spells:

 Spells                   Type           Power      Damage    Failure   Level
 Kiss of Death            Conj/Necr      0%         2d5       82%         1
 Blink                    Tloc           0%         N/A       91%         2
 Cigotuvi's Dreadful Rot  Necr/Alch/Air  0%         N/A       91%         2
 Lesser Beckoning         Tloc           0%         N/A       91%         2
 Momentum Strike          Conj/Tloc      0%         3d8       91%         2
 Confusing Touch          Hex            0%         N/A       99%         3
 Gell's Gravitas          Tloc           0%         N/A       99%         3
 Teleport Other           Tloc           0%         N/A       99%         3
 Tukima's Dance           Hex            0%         N/A       99%         3
 Dimensional Bullseye     Hex/Tloc       0%         N/A       100%        4
 Dispel Undead            Necr           0%         3d6       100%        4
 Iskenderun's Mystic Bla  Conj/Tloc      0%         2d3       100%        4
 Martyr's Knell           Necr/Summ      0%         N/A       100%        4
 Summon Forest            Summ/Tloc      0%         N/A       100%        5
 Summon Mana Viper        Hex/Summ       0%         N/A       100%        5
 Death Channel            Necr           0%         N/A       100%        6
 Summon Cactus Giant      Summ           0%         N/A       100%        6


Dungeon Overview and Level Annotations

Branches:
Dungeon (12/15)            Temple (1/1) D:5            Lair (1/5) D:11
    Orc (2/2) D:10            Elf (0/3) Orc:2         IceCv (visited)

Altars:
Ashenzari
Cheibriados
Dithmenos
Elyvilon
Fedhas
Gozag
Hepliaklqana
Kikubaaqudgha
Makhleb
Nemelex Xobeh
Okawaru
Qazlal
Ru
Sif Muna
Trog
Uskayaw
Vehumet
Wu Jian
Xom
Yredelemnul
Zin
The Shining One

Shops:
D:4 [?(*   D:11 :((   D:12 [   Orc:2 (!*!(

Annotations:
D:12 Jorgrun


Innate Abilities, Weirdness & Mutations

You have a pair of horns on your head.
You reflexively headbutt those who attack you in melee.
You have sharp toenails.
You are agile. (Dex +4, Str/Int -1)
Your flesh is heat resistant. (rF+)


Message History

Jorgrun hits you but does no damage. The ground beneath you fractures!!
You puncture Jorgrun! Your headbutt misses Jorgrun.
Jorgrun is heavily wounded.
You completely miss Jorgrun.
Jorgrun is heavily wounded.
Jorgrun hits you with a staff of earth!
The +7 dagger of Extermination {elec, +Blink rN+ Str+3 SInv} stops crackling.
Your +4 war axe of venom begins to drip with poison!
S - a +4 war axe of venom (weapon)
You barely miss Jorgrun.
Jorgrun is heavily wounded.
Jorgrun barely misses you.
You slash Jorgrun!
Jorgrun is poisoned.
Jorgrun is severely wounded.
Jorgrun hits you with a staff of earth!
You closely miss Jorgrun.
Jorgrun is severely wounded.
Jorgrun barely misses you.
You slash Jorgrun!
Jorgrun looks as sick as possible!
You headbutt Jorgrun!
Jorgrun is severely wounded.
You closely miss Jorgrun. Your headbutt misses Jorgrun.
Jorgrun is severely wounded.
Jorgrun casts a spell at you.
You easily resist.
Jorgrun says, "Tha earth be me home, an' ye be trespassing!"
Jorgrun casts a spell at you.
Roots burst forth from the earth!
The grasping roots grab you! The grasping roots constrict you.
Aiming: Fastroot
Press: ? - help, Shift-Dir - straight line, f - Jorgrun
Aim: Jorgrun, wielding a staff of earth and wearing a +1 robe (almost dead, extremely poisoned)
The roots erupt in riotous growth!
Roots grab Jorgrun.
The grasping roots constrict Jorgrun.
Jorgrun casts a spell at you. The iron shot hits you!!!
* * * LOW HITPOINT WARNING * * *
The grasping roots constrict you.
You die...

#....########.##.
#..........##.##.
#....#####.##.##.
###### #.##.##.
#######.##.###
#.......##....
#####.############
#............
#@###.####### #.#
#.# #g# #.# #.#
#.# #.# #.# #.#
#.# #.# #.# #.#
#.#


You could see Jorgrun (extremely poisoned, rooted).

Vanquished Creatures
  A reaper (IceCv)
  An ice dragon (D:10)
  3 ogre magi (Orc:2)
  4 boulder beetles
  13 two-headed ogres
  2 orc high priests
  Amaemon (D:8)
  Lodul (D:10)
  Pikel (D:7)
  An orc knight (Orc:1)
  An oklob plant (Lair:1)
  2 orc sorcerers
  A manticore (D:11)
  3 cyclopes (D:12)
  Maurice (Orc:1)
  A torpor snail (Lair:1)
  2 ice statues (IceCv)
  7 kobold blastminers
  2 orange demons
  A cane toad (Lair:1)
  A gargoyle (D:11)
  4 kobold demonologists
  3 unseen horrors
  Jeremiah (D:7)
  2 komodo dragons
  5 ice devils (IceCv)
  7 trolls
  2 hornets
  Prince Ribbit (D:8)
  A raiju (Orc:1)
  A slime creature (D:10)
  A wraith (D:9)
  4 shadows
  2 vampires (D:10)
  A basilisk (D:10)
  2 wyverns
  A fire bat (Orc:1)
  A dire elephant simulacrum (IceCv)
  12 yaks
  4 wargs
  4 vampire mosquitoes
  2 steam dragons
  An acid dragon (D:11)
  A hell hound (Orc:1)
  2 hydra simulacra (IceCv)
  4 water moccasins (Lair:1)
  An ice beast (D:8)
  2 black bears (D:6)
  21 orc warriors
  A sky beast (D:8)
  33 ogres
  4 centaurs (D:11)
  2 lemures (D:7)
  5 kobold brigands
  2 phantoms
  Blork the orc (D:4)
  8 bullfrogs
  3 gnoll sergeants
  A two-headed ogre simulacrum (IceCv)
  2 scorpions
  3 wights (D:8)
  10 killer bees
  2 elephant simulacra (IceCv)
  3 howler monkeys
  5 hounds
  3 jellies
  12 orc priests
  A bombardier beetle (D:4)
  A gnoll bouda (D:9)
  A sleepcap (D:5)
  Natasha (thrice) (D:3)
  9 iguanas
  17 orc wizards
  2 polar bear simulacra (IceCv)
  3 spriggan simulacra (IceCv)
  A wolf simulacrum (IceCv)
  16 gnolls
  4 naga simulacra (IceCv)
  7 adders
  2 white imps
  6 ufetubi
  2 dart slugs (D:1)
  63 orcs
  7 ball pythons
  4 endoplasms
  12 giant cockroaches
  4 goblins
  8 hobgoblins
  14 kobolds
  4 quokkas
  6 bats
  2 frilled lizards
  9 rats
451 creatures vanquished.

Vanquished Creatures (collateral kills)
  An ogre mage (Orc:2)
  2 two-headed ogres (Orc:2)
  A black bear (D:6)
  2 ogres (Orc:2)
  A wight (D:6)
  A jelly (D:6)
  A sleepcap (D:6)
  An adder (D:6)
10 creatures vanquished.

Grand Total: 461 creatures vanquished

Notes
Turn   | Place    | Note
-------+----------+-------------------------------------------
     0 | D:1      | hawla the Minotaur Fighter began the quest for the Orb.
     0 | D:1      | Reached XP level 1. HP: 19/19 MP: 0/0
    73 | D:1      | Reached skill level 3 in Axes
   111 | D:1      | Reached XP level 2. HP: 26/26 MP: 1/1
   325 | D:1      | Reached skill level 4 in Axes
   594 | D:2      | Gained mutation: Your flesh is heat resistant. (rF+)
                  | [potion of mutation]
   594 | D:2      | Gained mutation: You are agile. (Dex +4, Str/Int -1)
                  | [potion of mutation]
   594 | D:2      | Gained mutation: You have sharp toenails. [potion of
                  | mutation]
   595 | D:2      | Identified a scroll of acquirement
   595 | D:2      | Acquired the amulet "Iqogoaf" {RegenMP rElec rN++ Regen+
                  | Int-2}
   624 | D:2      | Reached XP level 3. HP: 31/31 MP: 2/2
  1045 | D:2      | Reached skill level 5 in Axes
  1414 | D:2      | Found a faded altar of an unknown god.
  1482 | D:3      | Reached XP level 4. HP: 39/39 MP: 3/3
  1487 | D:3      | Found an opulent altar of Gozag.
  1518 | D:3      | Noticed Natasha
  1520 | D:3      | Killed Natasha
  1630 | D:3      | Found a blossoming altar of Fedhas.
  1654 | D:3      | Reached skill level 6 in Axes
  1661 | D:3      | Reached XP level 5. HP: 42/45 MP: 4/4
  1665 | D:3      | Noticed Natasha
  1673 | D:3      | Killed Natasha
  1837 | D:3      | Noticed Natasha
  1843 | D:3      | Killed Natasha
  1844 | D:3      | Reached skill level 7 in Axes
  2063 | D:4      | Noticed Blork the orc
  2068 | D:4      | Killed Blork the orc
  2069 | D:4      | Reached XP level 6. HP: 51/51 MP: 5/5
  2104 | D:4      | Found Xuittiup's Assorted Antiques.
  2106 | D:4      | Found Benleus's Weapon Boutique.
  2108 | D:4      | Found Rawniaji's Magic Scroll Shoppe.
  2137 | D:4      | Reached skill level 8 in Axes
  2154 | D:4      | Bought 2 atropa-tipped darts for 19 gold pieces
  2210 | D:4      | Found a broken altar of Ashenzari.
  2216 | D:4      | Identified the +2 robe of Insatiable Hunger {Slay+2 SInv}
  2311 | D:4      | Bought a yellow potion for 19 gold pieces
  2311 | D:4      | Bought a scroll labelled SYOPOI NORYIKK for 22 gold pieces
  2361 | D:4      | Found Yddugad's Armour Boutique.
  2367 | D:4      | Reached skill level 9 in Axes
  2422 | D:4      | Reached XP level 7. HP: 57/57 MP: 6/6
  2526 | D:4      | Found an ancient bone altar of Kikubaaqudgha.
  2526 | D:4      | Found a sparkling altar of Nemelex Xobeh.
  2528 | D:4      | Found an iron altar of Okawaru.
  2619 | D:4      | Found a shimmering altar of Xom.
  2737 | D:5      | Entered Level 5 of the Dungeon
  2746 | D:5      | Found a white marble altar of Elyvilon.
  2783 | D:5      | Reached skill level 10 in Axes
  2878 | D:5      | Found a staircase to the Ecumenical Temple.
  2885 | D:5      | Reached skill level 11 in Axes
  2888 | Temple   | Entered the Ecumenical Temple
  2897 | Temple   | Became a worshipper of Makhleb the Destroyer
  2972 | D:5      | Found a glowing silver altar of Zin.
  3061 | D:5      | Found a glowing golden altar of the Shining One.
  3259 | D:6      | Reached XP level 8. HP: 62/64 MP: 7/7
  3316 | D:6      | Reached skill level 12 in Axes
  3416 | D:6      | Reached skill level 13 in Axes
  3771 | D:6      | Reached * piety under Makhleb
  3998 | D:4      | Bought an ichor-stained chain mail for 209 gold pieces
  3998 | D:4      | Identified the +0 chain mail "Boapeff" {rElec Regen+ Int+5
                  | Slay+2} (You bought it in a shop on level 4 of the Dungeon)
  3998 | D:4      | Bought a scroll of identify for 44 gold pieces
  4067 | D:7      | Noticed Pikel
  4078 | D:7      | Killed Pikel
  4079 | D:7      | Reached skill level 14 in Axes
  4079 | D:7      | Reached XP level 9. HP: 70/70 MP: 8/8
  4108 | D:7      | Reached skill level 15 in Axes
  4306 | D:7      | Reached skill level 16 in Axes
  4512 | D:7      | Reached skill level 5 in Armour
  4884 | D:8      | Reached XP level 10. HP: 77/77 MP: 9/9
  4887 | D:8      | Reached ** piety under Makhleb
  4958 | D:8      | Noticed Amaemon
  4960 | D:8      | Noticed an orange demon
  4969 | D:8      | Killed Amaemon
  4972 | D:8      | Killed an orange demon
  5123 | D:8      | Noticed Prince Ribbit
  5128 | D:8      | Killed Prince Ribbit
  5317 | D:8      | Found a radiant altar of Vehumet.
  5335 | D:8      | Identified the +7 dagger of Extermination {elec, +Blink rN+
                  | Str+3 SInv}
  5556 | D:9      | Reached skill level 10 in Armour
  5556 | D:9      | Noticed a two-headed ogre
  5564 | D:9      | Killed a two-headed ogre
  5574 | D:9      | Identified the +0 ring mail of Skepticism {Int+3 Stlth+}
  5577 | D:9      | Noticed a two-headed ogre
  5583 | D:9      | Killed a two-headed ogre
  5896 | D:9      | Reached *** piety under Makhleb
  6117 | D:10     | Entered Level 10 of the Dungeon
  6118 | D:10     | Acquired the +1 hat of Defiance {rF+ Will+}
  6130 | D:10     | Found a staircase to the Orcish Mines.
  6148 | D:10     | Reached XP level 11. HP: 82/82 MP: 10/10
  6198 | D:10     | Noticed a two-headed ogre
  6206 | D:10     | Killed a two-headed ogre
  6496 | D:10     | Reached skill level 5 in Fighting
  6496 | D:10     | Reached skill level 5 in Shields
  6496 | D:10     | Reached skill level 1 in Short Blades
  6552 | D:10     | Noticed a two-headed ogre
  6558 | D:10     | Killed a two-headed ogre
  6569 | D:10     | Noticed an ice dragon
  6581 | D:10     | Killed an ice dragon
  6582 | D:10     | Reached skill level 5 in Short Blades
  6760 | D:10     | Noticed a two-headed ogre
  6764 | D:10     | Killed a two-headed ogre
  6840 | D:10     | Reached **** piety under Makhleb
  7028 | D:10     | Noticed Lodul
  7041 | D:10     | Reached XP level 12. HP: 87/94 MP: 11/11
  7046 | D:10     | Killed Lodul
  7230 | D:11     | Found Cogysm's Book Emporium.
  7388 | D:11     | Noticed a boulder beetle
  7407 | D:11     | Killed a boulder beetle
  7408 | D:11     | Reached skill level 10 in Short Blades
  7425 | D:11     | Found a staircase to the Lair.
  7434 | D:11     | Found Kakhlet's Weapon Boutique.
  7465 | D:11     | Noticed a boulder beetle
  7468 | D:11     | Reached skill level 1 in Invocations
  7482 | D:11     | Killed a boulder beetle
  7638 | D:11     | Found Keavu's Weapon Emporium.
  7812 | D:12     | Found a portal to a secret trove of treasure.
  7909 | Orc:1    | Entered Level 1 of the Orcish Mines
  7930 | Orc:1    | Noticed Maurice
  7932 | Orc:1    | Noticed an orc high priest
  7936 | Orc:1    | Killed Maurice
  7940 | Orc:1    | Reached skill level 5 in Invocations
  7950 | Orc:1    | Killed an orc high priest
  7958 | Orc:1    | Reached ***** piety under Makhleb
  8109 | Orc:1    | Found a shimmering altar of Xom.
  8220 | Orc:2    | Entered Level 2 of the Orcish Mines
  8220 | Orc:2    | Found Kimigh's Weapon Emporium.
  8307 | Orc:2    | Noticed a two-headed ogre
  8311 | Orc:2    | Noticed a two-headed ogre
  8311 | Orc:2    | Noticed an ogre mage
  8313 | Orc:2    | Noticed a two-headed ogre
  8313 | Orc:2    | Noticed an ogre mage
  8314 | Orc:2    | Killed a two-headed ogre
  8315 | Orc:2    | Noticed a two-headed ogre
  8315 | Orc:2    | Noticed a two-headed ogre
  8319 | Orc:2    | Killed a two-headed ogre
  8320 | Orc:2    | Noticed a two-headed ogre
  8322 | Orc:2    | Killed a two-headed ogre
  8322 | Orc:2    | Noticed a two-headed ogre
  8325 | Orc:2    | Killed an ogre mage
  8326 | Orc:2    | Killed a two-headed ogre
  8327 | Orc:2    | Killed a two-headed ogre
  8328 | Orc:2    | Reached XP level 13. HP: 21/100 MP: 17/19
  8328 | Orc:2    | HP: 5/100 [ogre/+0 giant club (18)]
  8463 | Orc:2    | Reached skill level 10 in Invocations
  8463 | Orc:2    | Reached skill level 1 in Dodging
  8502 | Orc:2    | Reached skill level 5 in Dodging
  8512 | Orc:2    | Reached skill level 1 in Throwing
  8523 | Orc:2    | Found Joitsaerph's Weapon Boutique.
  8523 | Orc:2    | Found Nodugolapp's Distillery.
  8524 | Orc:2    | Found Beul's Assorted Antiques.
  8524 | Orc:2    | Found Jahall's Distillery.
  8561 | Orc:2    | Reached skill level 5 in Throwing
  8724 | Orc:2    | Found a staircase to the Elven Halls.
  8751 | Orc:1    | Found a frozen archway.
  8760 | IceCv    | Entered an ice cave
  8946 | IceCv    | Reached skill level 1 in Long Blades
  9221 | IceCv    | Noticed a reaper
  9235 | IceCv    | Killed a reaper
  9334 | IceCv    | Reached ****** piety under Makhleb
  9504 | Orc:1    | Reached skill level 5 in Long Blades
 10004 | D:11     | Bought the +3 demon whip of Cobwebs {freeze, Str+3 Int+2
                  | Stlth+} for 1121 gold pieces
 10034 | D:12     | You paid a toll of the demon whip of Cobwebs to enter a
                  | treasure trove
 10035 | Trove    | Entered a treasure trove
 10045 | Trove    | Identified the +1 pair of boots of Limited Liability {rN+}
 10084 | Trove    | Identified the +1 kite shield "Todug" {^Contam Rampage
                  | rPois rCorr}
 10104 | Trove    | Identified the +2 pair of gloves of the Big Bang {^Contam
                  | rPois Stlth+}
 10105 | Trove    | Identified the +0 pair of gloves "Miqiq" {rC+ Int+2 Dex+3}
 10423 | D:7      | Noticed Jeremiah
 10439 | D:7      | Killed Jeremiah
 10544 | Orc:2    | Bought a potion of magic for 136 gold pieces
 10544 | Orc:2    | Bought 2 potions of lignification for 102 gold pieces
 10545 | Orc:2    | Bought a smouldering rapier for 234 gold pieces
 10545 | Orc:2    | Identified the +3 rapier of the End of Times {freeze, MP+9}
                  | (You bought it in a shop on level 2 of the Orcish Mines)
 10641 | Lair:1   | Entered Level 1 of the Lair of Beasts
 12006 | D:12     | Found Moutz's Armour Emporium.
 12066 | D:12     | Reached XP level 14. HP: 107/107 MP: 17/20
 12565 | D:12     | Noticed Jorgrun
 12586 | D:12     | HP: 1/107 [Jorgrun/iron shot (48)]
 12586 | D:12     | Constricted to death by Jorgrun

Illustrated notes

Levels and vault maps discovered:
D:1:      scummos_arrival_hexagon, layout_loops_ring
D:2:      minmay_roachtagon, layout_loops_corners,
          shapermc_ecumenical_altar_hornbeckon, serial_bayou_pond_c
D:3:      layout_loops_ring, old_standard_altar, mainiacjoe_overflow_boulevard,
          chequers_serial_rivers_micro_c, uniq_natasha
D:4:      layout_basic, gammafunk_temple_overflow_forgotten,
          lemuel_doored_altar, mainiacjoe_overflow_cross_hatched,
          nicolae_wooded_promenade, kennysheep_small_square, uniq_blork_the_orc
D:5:      layout_rooms, dreamdust_divine_triumvirate,
          minmay_temple_entry_purple_smoke
D:6:      layout_basic, minmay_joined_circles
D:7:      layout_loops_cross, uniq_pikel, uniq_jeremiah
D:8:      layout_loops_cross, vehumet_altar_wand_db, lightli_orcish_oven,
          uniq_amaemon, uniq_prince_ribbit1
D:9:      layout_basic
D:10:     nzn_winding_woodlands_cross [nzn_winding_woodlands_5x15_split_checker,
          nzn_winding_woodlands_5x15_concentric,
          nzn_winding_woodlands_5x15_twine,
          nzn_winding_woodlands_5x15_longhouse,
          nzn_winding_woodlands_15x15_boxy_spiral], layout_irregular_city,
          evilmike_minifort, uniq_lodul
D:11:     kennysheep_blocky_room, layout_rooms, serial_shops,
          nicolae_shop_hallway_plus, shop, nicolae_shop_tiny_glass,
          minmay_misc_feat_five
D:12:     layout_basic, serial_shops, kennysheep_mini_moat,
          nicolae_trove_entry_crossroad, zin_scriptorium, uniq_jorgrun
Temple:   nicolae_temple_ecumenical_triangle
Lair:1:   layout_regular_city
Orc:1:    layout_diamond_mine, portal_ice_cave_entry_pillars_2,
          regret_index_xom_of_box, uniq_maurice
Orc:2:    st_orc_ogre_mass, layout_caves, serial_shops, nicolae_shop_tiny_glass,
          basic_altar

Skill      XL: |  1  2  3  4  5  6  7  8  9 10 11 12 13 14 |
---------------+-------------------------------------------+-----
Axes           | 3 4 5 6 7 9 11 14 16 | 16.0
Armour         | 6 12 14 | 14.0
Fighting       | 5 |  5.0
Shields        | 5 |  5.0
Short Blades   | 8 10 | 10.0
Invocations    | 9 10 | 10.0
Dodging        | 5 |  5.0
Throwing       | 6 |  6.0
Long Blades    | 8 9 |  9.2

Action                     |  1- 3 |  4- 6 |  7- 9 | 10-12 | 13-15 || total
---------------------------+-------+-------+-------+-------+-------++-------
  Melee: War axe           |    73 |    73 |   177 |   351 |   319 ||   993
         Headbutt          |     5 |     5 |    25 |   104 |    87 ||   226
         Kick              |    12 |    21 |    52 |   145 |    84 ||   314
         Dagger            |       |       |       |    40 |    21 ||    61
         Double sword      |       |       |       |     6 |       ||     6
  Throw: Dart              |       |     6 |       |     4 |       ||    10
         Boomerang         |       |       |       |     1 |       ||     1
 Invoke: Greater Servant o |       |       |       |     1 |       ||     1
  Evoke: Wand              |       |       |       |     1 |     9 ||    10
    Use: Scroll            |     8 |       |    13 |     6 |     4 ||    31
         Potion            |     1 |       |       |     1 |     1 ||     3
 Armour: Scale mail        |    43 |       |       |       |       ||    43
         Chain mail        |       |    38 |    96 |   249 |   110 ||   493
         Ice dragon scales |       |       |       |       |    72 ||    72
  Dodge: Dodged            |    46 |    48 |    82 |   225 |   143 ||   544
  Block: Buckler           |    17 |    20 |    36 |    78 |    59 ||   210
